[Event "Titled Tuesday Blitz May 30 Early 2023"]
[White "Arencibia Monduy, Antonio"]
[Black "Boyer, Mahel"]
[WhiteFideId "3507939"]
[BlackFideId "45102422"]
[WhiteElo "2419"]
[BlackElo "2439"]
[Result "0-1"]
[Round "01"]
[TimeControl "180+2"]
[Date "2023.05.30"]
[WhiteClock "0:00:00"]
[BlackClock "0:00:05"]

1. e4 Nc6 2. c3 d5 3. exd5 Qxd5 4. d4 e5 5. Nf3 Bg4 6. Be2 e4 7. Nfd2 Bxe2 8. Qxe2 O-O-O 9. O-O Nf6 10. Re1 Bd6 11. Nc4 h5 12. Nxd6+ Qxd6 13. h3 Ne7 14. Bg5 Ned5 15. Nd2 Rde8 16. Bxf6 Nxf6 17. Nc4 Qe6 18. Ne5 Nd5 19. Qd2 f6 20. Ng6 Rhg8 21. Nf4 Nxf4 22. Qxf4 g5 23. Qe3 Qd5 24. b3 h4 25. c4 Qf5 26. f3 exf3 27. Qxf3 Qxf3 28. gxf3 Kd7 29. Kf2 Rxe1 30. Rxe1 a5 31. Re4 a4 32. f4 axb3 33. axb3 Ra8 34. fxg5 fxg5 35. Kf3 Ra3 36. Re3 b5 37. cxb5 Ra5 38. Kg4 Rxb5 39. Re5 Rxb3 40. Rxg5 Rd3 41. Rd5+ Ke6 42. Rd8 c5 0-1


[Site "https://www.chess.com"]

[Event "Titled Tuesday Blitz May 30 Early 2023"]
[White "Matinian, Nikita"]
[Black "Zenin, Dmitry"]
[WhiteFideId "24129100"]
[BlackFideId "4127897"]
[WhiteElo "2422"]
[BlackElo "2215"]
[Result "1-0"]
[Round "01"]
[TimeControl "180+2"]
[Date "2023.05.30"]
[WhiteClock "0:00:20"]
[BlackClock "0:00:21"]

1. e4 e5 2. Nf3 Nc6 3. Bb5 a6 4. Ba4 Nf6 5. O-O Be7 6. d3 b5 7. Bb3 d6 8. a3 O-O 9. Nc3 Be6 10. Nd5 Bxd5 11. exd5 Nd4 12. Nxd4 exd4 13. Re1 Nd7 14. Qg4 Bf6 15. Bd2 Nc5 16. g3 a5 17. h4 a4 18. Ba2 Qd7 19. Qxd7 Nxd7 20. f4 h5 21. Kg2 Rfe8 22. Rxe8+ Rxe8 23. Re1 Rxe1 24. Bxe1 Nb6 25. Ba5 Kf8 26. Kf3 Ke8 27. Ke4 Kd7 28. Be1 Nc8 29. Bf2 Ne7 30. Be1 g6 31. c4 dxc3 32. bxc3 Nf5 33. d4 Kc8 34. Bf2 Kb7 35. c4 bxc4 36. Bxc4 Kb6 37. Be2 Ka5 38. Bd1 Kb5 39. Kd3 Be7 40. Be2 Bf6 41. Kc3+ Ka5 42. Kc4 Bg7 43. Bd3 Bf6 44. Bxf5 gxf5 45. Be1+ Kb6 46. Bc3 Be7 47. Kb4 c6 48. dxc6 Kxc6 49. Kxa4 d5 50. Bb4 Bd8 51. Bc3 Bb6 52. Kb4 Bc7 53. a4 Bd6+ 54. Kb3 Bc7 55. Bb4 Bb6 56. Kc3 Ba7 57. Bc5 Bb8 58. Kb4 Bc7 59. a5 Bd8 60. a6 Bc7 61. a7 Kb7 62. Kb5 1-0


[Site "https://www.chess.com"]

[Event "Titled Tuesday Blitz May 30 Early 2023"]
[White "Manukian, Artak"]
[Black "Vakhlamov, Igor L."]
[WhiteFideId "13301373"]
[BlackFideId "24126748"]
[WhiteElo "2130"]
[BlackElo "2407"]
[Result "0-1"]
[Round "01"]
[TimeControl "180+2"]
[Date "2023.05.30"]
[WhiteClock "0:00:24"]
[BlackClock "0:00:32"]

1. e4 c5 2. Nf3 e6 3. c3 d5 4. e5 Nc6 5. d4 Qa5 6. a3 Nxd4 7. Nxd4 cxd4 8. b4 Qb6 9. Qxd4 Qxd4 10. cxd4 Bd7 11. Nc3 Ne7 12. Bd3 Nc6 13. Be3 Rc8 14. Kd2 Be7 15. Rhc1 f6 16. f4 a6 17. Ne2 O-O 18. Rc2 Na7 19. Rac1 f5 20. Rxc8 Rxc8 21. Rxc8+ Nxc8 22. Nc3 b5 23. Na2 Nb6 24. Nc1 Nc4+ 25. Bxc4 dxc4 26. Ne2 Bc6 27. g3 Kf7 28. Kc2 Kg6 29. Bd2 Kh5 30. h3 Bg2 31. Ng1 h6 32. Kd1 g5 33. Ke2 Kg6 34. Kf2 Bb7 35. Nf3 g4 36. hxg4 fxg4 37. Ne1 h5 38. Ng2 Bxg2 39. Kxg2 Kf5 40. Kf2 Ke4 41. Bc3 h4 42. Kg2 h3+ 43. Kf2 Bd8 0-1


[Site "https://www.chess.com"]

[Event "Titled Tuesday Blitz May 30 Early 2023"]
[White "Dimitrov, Atanas"]
[Black "Gil Alba, Hector Luis"]
[WhiteFideId "2901315"]
[BlackFideId "3504670"]
[WhiteElo "2718"]
[BlackElo "2331"]
[Result "1/2-1/2"]
[Round "01"]
[TimeControl "180+2"]
[Date "2023.05.30"]
[WhiteClock "0:00:25"]
[BlackClock "0:00:46"]

1. Nf3 Nf6 2. c4 e6 3. Nc3 d5 4. e3 a6 5. b3 c5 6. cxd5 Nxd5 7. Bb2 Nc6 8. Nxd5 exd5 9. Be2 d4 10. Bd3 Be7 11. O-O O-O 12. exd4 Bg4 13. Be4 Nxd4 14. Bxd4 cxd4 15. h3 Bh5 16. Qe2 Rb8 17. Rfe1 Bf6 18. Rac1 Re8 19. Qd3 Bg6 20. Bxg6 hxg6 21. Re4 Rxe4 22. Qxe4 Qd6 23. d3 Qd7 24. Qf4 Re8 25. Rc7 Qd5 26. Qd2 b5 27. b4 g5 28. Rc5 Qe6 29. Nxg5 Qe1+ 30. Qxe1 Rxe1+ 31. Kh2 Bxg5 32. Rxg5 Re2 33. Kg3 Rd2 34. Rd5 Rxd3+ 35. f3 Ra3 36. Rxd4 Rxa2 37. h4 Ra4 38. Rd6 Rxb4 39. Rxa6 g6 40. Rb6 Kg7 41. Kh3 Rb1 42. g4 b4 43. Kg2 b3 44. h5 gxh5 45. gxh5 f6 46. Rb5 1/2-1/2


[Site "https://www.chess.com"]

[Event "Titled Tuesday Blitz May 30 Early 2023"]
[White "Chan, Kim Yew"]
[Black "Wagner, Dennis"]
[WhiteFideId "5717981"]
[BlackFideId "24650684"]
[WhiteElo "2206"]
[BlackElo "2478"]
[Result "0-1"]
[Round "01"]
[TimeControl "180+2"]
[Date "2023.05.30"]
[WhiteClock "0:00:00"]
[BlackClock "0:00:42"]

1. Nf3 c5 2. c4 Nf6 3. Nc3 d5 4. cxd5 Nxd5 5. g3 Nc6 6. Nxd5 Qxd5 7. Bg2 e5 8. O-O Be7 9. d3 O-O 10. Be3 Qd6 11. Rc1 Nd4 12. Nxd4 exd4 13. Bf4 Qb6 14. b3 Bg4 15. h3 Be6 16. e3 g5 17. Be5 f6 18. exd4 fxe5 19. dxe5 Rad8 20. Qe2 Kg7 21. Kh2 Rd4 22. Be4 Bf5 23. Bxf5 Rxf5 24. f4 gxf4 0-1


[Site "https://www.chess.com"]

[Event "Titled Tuesday Blitz May 30 Early 2023"]
[White "Aradhya, Garg"]
[Black "Hajiyev, Kanan"]
[WhiteFideId "25006746"]
[BlackFideId "13404148"]
[WhiteElo "2263"]
[BlackElo "2103"]
[Result "1-0"]
[Round "01"]
[TimeControl "180+2"]
[Date "2023.05.30"]
[WhiteClock "0:00:18"]
[BlackClock "0:00:06"]

1. d4 Nf6 2. c4 e6 3. a3 d5 4. cxd5 exd5 5. Nc3 c6 6. Bf4 Bd6 7. Bxd6 Qxd6 8. Qc2 O-O 9. e3 Bg4 10. Bd3 a5 11. h3 Bh5 12. Nge2 Bg6 13. Nf4 Bxd3 14. Nxd3 Nbd7 15. O-O Rfe8 16. b4 b5 17. Nc5 axb4 18. axb4 Nb6 19. Ne2 Nc4 20. Nf4 g6 21. Nfd3 Kg7 22. Ra2 Rxa2 23. Qxa2 Ne4 24. Qa7 Re7 25. Qa8 Qf6 26. Ne5 Ncd2 27. Nxe4 Nxe4 28. Qxc6 Re6 29. Qxd5 Nc3 30. Qf3 Qe7 31. e4 f6 32. Qxc3 fxe5 33. d5 Rd6 34. f4 Kh6 35. fxe5 Ra6 36. e6 Ra4 37. Qe3+ Kh5 38. Qf3+ Kh6 39. Qf4+ Kg7 40. Qf7+ Qxf7 41. Rxf7+ Kg8 42. Rb7 Rxb4 43. Rb8+ Kg7 44. e7 Rxe4 45. e8=Q Rxe8 46. Rxe8 1-0


[Site "https://www.chess.com"]

[Event "Titled Tuesday Blitz May 30 Early 2023"]
[White "Matveeva, Olga"]
[Black "Di Benedetto, Edoardo"]
[WhiteFideId "24107018"]
[BlackFideId "875740"]
[WhiteElo "2009"]
[BlackElo "2296"]
[Result "0-1"]
[Round "01"]
[TimeControl "180+2"]
[Date "2023.05.30"]
[WhiteClock "0:00:08"]
[BlackClock "0:01:31"]

1. d4 d5 2. c4 e6 3. Nf3 Nf6 4. g3 dxc4 5. Bg2 a6 6. O-O Nc6 7. e3 Rb8 8. Nfd2 e5 9. Bxc6+ bxc6 10. Nxc4 exd4 11. exd4 Be7 12. Nc3 O-O 13. Bf4 Nd5 14. Qf3 Nxf4 15. Qxf4 Be6 16. Ne5 Bd6 17. Ne4 Rxb2 18. Rac1 Bxe5 19. dxe5 Rxa2 20. Rc5 Kh8 21. Rfc1 Ra4 22. Qe3 Bd5 23. Ng5 h6 24. e6 Qxg5 0-1


[Site "https://www.chess.com"]

[Event "Titled Tuesday Blitz May 30 Early 2023"]
[White "Ioannidis, Evgenios"]
[Black "Estrada Nieto, Julian"]
[WhiteFideId "4229274"]
[BlackFideId "5101018"]
[WhiteElo "2386"]
[BlackElo "2161"]
[Result "1-0"]
[Round "01"]
[TimeControl "180+2"]
[Date "2023.05.30"]
[WhiteClock "0:01:32"]
[BlackClock "0:00:04"]

1. d4 d5 2. c4 dxc4 3. e3 Nf6 4. Bxc4 e6 5. Nf3 c5 6. O-O a6 7. Re1 Nc6 8. dxc5 Qxd1 9. Rxd1 Bxc5 10. Nbd2 Ke7 11. Nb3 Bd6 12. Bd2 Bd7 13. Nfd4 Ne4 14. Be1 Nxd4 15. Rxd4 f5 16. Rad1 e5 17. Rxd6 Nxd6 18. Bb4 Rac8 19. Bxd6+ Kf6 20. Nc5 Bb5 21. Bxb5 axb5 22. f4 exf4 23. exf4 b6 24. Be5+ Ke7 25. Nb7 Rc2 26. Nd6 Rf8 27. Nxb5 g6 28. Nd4 Rc4 29. b3 Rcc8 30. Nb5 Ke6 31. Rd6+ Ke7 32. Rxb6 Rc2 33. Bd6+ Kf7 34. Rb7+ Kg8 35. Bxf8 Kxf8 36. a4 1-0


[Site "https://www.chess.com"]

[Event "Titled Tuesday Blitz May 30 Early 2023"]
[White "Alexikov, Alexander"]
[Black "Goltsev, Dmitry"]
[WhiteFideId "14103958"]
[BlackFideId "24176710"]
[WhiteElo "2186"]
[BlackElo "2356"]
[Result "1-0"]
[Round "01"]
[TimeControl "180+2"]
[Date "2023.05.30"]
[WhiteClock "0:00:42"]
[BlackClock "0:00:40"]

1. e4 e6 2. d4 d5 3. Nc3 c5 4. exd5 exd5 5. Nf3 Nf6 6. Bb5+ Nc6 7. O-O Be7 8. dxc5 Bxc5 9. Re1+ Be6 10. Bg5 O-O 11. Qd2 Bg4 12. Bxc6 bxc6 13. Ne5 Bd7 14. Nxd7 Qxd7 15. Bxf6 gxf6 16. Ne4 Be7 17. Ng3 Kh8 18. Qf4 Rg8 19. c3 Rg4 20. Rxe7 Qxe7 21. Qxg4 Re8 22. h3 Qe5 23. Qf3 Rb8 24. b3 a5 25. Rd1 a4 26. b4 a3 27. Qe3 Qc7 28. Rd4 c5 29. bxc5 Qxc5 30. Ra4 Qd6 31. Rd4 f5 32. Qf3 Rb1+ 33. Kh2 Rb2 34. Rxd5 Qb6 35. Rxf5 Rxa2 36. Rxf7 Qd6 37. Qa8+ Qd8 38. Qxd8# 1-0


[Site "https://www.chess.com"]

[Event "Titled Tuesday Blitz May 30 Early 2023"]
[White "egorchess95"]
[Black "ChawitAp"]
[WhiteElo "2710"]
[BlackElo "2404"]
[Result "1-0"]
[Round "01"]
[TimeControl "180+2"]
[Date "2023.05.30"]
[WhiteClock "0:00:10"]
[BlackClock "0:00:00"]

1. e4 c6 2. d4 d5 3. e5 Bf5 4. Nf3 e6 5. Be2 c5 6. c4 Ne7 7. Nc3 Nbc6 8. cxd5 Nxd5 9. O-O Be7 10. dxc5 Nxc3 11. bxc3 Bxc5 12. Qb3 O-O 13. Qxb7 Na5 14. Qb5 Rc8 15. Bg5 Qc7 16. Rad1 Bb6 17. Rc1 Nc4 18. Nd4 Bg6 19. Bf4 Qc5 20. Rfd1 Qxb5 21. Nxb5 Rc5 22. Bxc4 Rxc4 23. Bg3 h5 24. Nd6 Ra4 25. h3 Rxa2 26. c4 Rd8 27. c5 Bc7 28. Nb5 Ba5 29. Rxd8+ Bxd8 30. c6 h4 31. Bxh4 Ra5 32. Bxd8 Rxb5 33. c7 1-0


[Site "https://www.chess.com"]

[Event "Titled Tuesday Blitz May 30 Early 2023"]
[White "el_sporco"]
[Black "Itgelt, Khuyagtsogt"]
[BlackFideId "4902912"]
[WhiteElo "2403"]
[BlackElo "2227"]
[Result "1/2-1/2"]
[Round "01"]
[TimeControl "180+2"]
[Date "2023.05.30"]
[WhiteClock "0:00:07"]
[BlackClock "0:00:13"]

1. e4 e6 2. d4 d5 3. Nc3 Bb4 4. e5 c5 5. a3 Bxc3+ 6. bxc3 Qa5 7. Qd2 Ne7 8. a4 Nbc6 9. Nf3 Bd7 10. Ba3 cxd4 11. cxd4 Qxd2+ 12. Kxd2 Nf5 13. Bb2 Na5 14. Bd3 Nc4+ 15. Kc1 Ne7 16. Nd2 Nxb2 17. Kxb2 Nc6 18. Nb3 Ke7 19. Bb5 Nd8 20. Nc5 Bc8 21. a5 Rb8 22. Kc1 a6 23. Ba4 f6 24. exf6+ gxf6 25. Rb1 Rg8 26. g3 Rg4 27. c3 e5 28. f3 Rg7 29. Re1 Bf5 30. Rb6 Nf7 31. Nxa6 Ra8 32. Rxb7+ Kf8 33. Rb6 Rg6 34. Bc6 Ra7 35. Kb2 Be6 36. Ra1 Nd6 37. Bxd5 Bxd5 38. Rxd6 Bxf3 39. dxe5 fxe5 40. Rxg6 hxg6 41. Nb4 Ke7 42. a6 Kd6 43. Re1 g5 44. c4 e4 45. Kc3 Kc5 46. Re3 g4 47. Re1 Rh7 48. Ra1 Kb6 49. a7 Rxa7 50. Nd5+ Kb7 51. Rxa7+ Kxa7 52. Kd4 Kb7 53. Ne3 Kc6 54. Ke5 Kc5 55. Kf4 Kd4 56. Nf5+ Kxc4 57. Nd6+ Kd5 58. Nf5 Kc4 59. Ne3+ Kd3 60. Nf5 Bd1 61. Ne3 Bf3 62. Nd5 Kd4 63. Ne3 Kd3 1/2-1/2


[Site "https://www.chess.com"]

[Event "Titled Tuesday Blitz May 30 Early 2023"]
[White "Prohaszka, Peter"]
[Black "Dwilewicz, Katarzyna"]
[WhiteFideId "726265"]
[BlackFideId "1148486"]
[WhiteElo "2626"]
[BlackElo "2065"]
[Result "1-0"]
[Round "01"]
[TimeControl "180+2"]
[Date "2023.05.30"]
[WhiteClock "0:01:36"]
[BlackClock "0:00:27"]

1. d4 Nf6 2. c3 g6 3. Bg5 Bg7 4. Nf3 d5 5. e3 Bf5 6. Qb3 b6 7. c4 dxc4 8. Bxc4 O-O 9. Nc3 Nc6 10. Ne5 Nxe5 11. dxe5 Nd7 12. Rd1 Bxe5 13. e4 Bxc3+ 14. Qxc3 Bxe4 15. Bh6 e5 16. Rxd7 Qxd7 17. Qxe5 1-0


[Site "https://www.chess.com"]

[Event "Titled Tuesday Blitz May 30 Early 2023"]
[White "KorolDimitriy75"]
[Black "Ashraf, Artin"]
[BlackFideId "22514805"]
[WhiteElo "2400"]
[BlackElo "2188"]
[Result "1-0"]
[Round "01"]
[TimeControl "180+2"]
[Date "2023.05.30"]
[WhiteClock "0:00:42"]
[BlackClock "0:00:00"]

1. d4 Nf6 2. c4 e6 3. Nc3 d5 4. Bg5 Be7 5. cxd5 exd5 6. e3 c6 7. Bd3 O-O 8. Qc2 h6 9. Bh4 Ne8 10. Bg3 Nd6 11. Nge2 a5 12. O-O Na6 13. a3 Re8 14. f3 b5 15. Rad1 Nc4 16. Bf2 Bg5 17. Bxc4 bxc4 18. e4 Rb8 19. e5 Qb6 20. f4 Be7 21. Rd2 Qb3 22. Qb1 f5 23. Be3 Rb7 24. g4 Rf8 25. Ng3 g6 26. Kh1 Kh7 27. gxf5 Bxf5 28. Nxf5 Rxf5 29. Rg1 Nc7 30. Rdg2 Qxc3 31. Rxg6 h5 32. Qxf5 1-0


[Site "https://www.chess.com"]

[Event "Titled Tuesday Blitz May 30 Early 2023"]
[White "Camilla_Lee"]
[Black "Perez Rodriguez, Jennifer"]
[BlackFideId "3507831"]
[WhiteElo "2702"]
[BlackElo "2116"]
[Result "0-1"]
[Round "01"]
[TimeControl "180+2"]
[Date "2023.05.30"]
[WhiteClock "0:00:05"]
[BlackClock "0:00:05"]

1. e4 e5 2. Nf3 Nc6 3. Nc3 Nf6 4. d4 exd4 5. Nd5 Nxe4 6. Qe2 f5 7. Ng5 Bb4+ 8. Nxb4 Nxb4 9. Nxe4 fxe4 10. Qxe4+ Qe7 11. Qxe7+ Kxe7 12. Bg5+ Kf7 13. O-O-O c5 14. c3 Nc6 15. Bc4+ Kg6 16. h4 Ne5 17. Bd5 dxc3 18. bxc3 d6 19. Be4+ Kf7 20. Rxd6 Be6 21. Bxb7 Rab8 22. Bd5 Rhe8 23. Kc2 Bxd5 24. Rxd5 Nc4 25. Rxc5 Na3+ 26. Kd2 Rb2+ 27. Kd3 Rxf2 28. Rc7+ Kg6 29. Rxa7 Nb5 30. Ra6+ Kh5 31. Be3 Rxg2 32. Ra5 Re5 33. Bd4 Rf5 34. Re1 Nxd4 35. Rxf5+ Nxf5 36. Re5 Kg6 37. h5+ Kf6 38. Ra5 Rg3+ 39. Kc4 Rg5 40. Ra6+ Kf7 41. a4 Rxh5 42. Ra7+ Kf6 43. a5 Rh4+ 44. Kb5 Nd6+ 45. Kc6 Ke5 46. Re7+ Kf6 47. Re1 Nc8 48. Ra1 Rh3 49. Kb7 Rxc3 50. a6 h5 51. Rf1+ Kg5 52. Rf8 Nd6+ 53. Kb6 Ra3 54. a7 Rxa7 55. Kxa7 Nf5 56. Kb6 h4 57. Rh8 Nh6 58. Rc8 h3 59. Rc1 Kg4 60. Rg1+ Kh4 61. Rxg7 h2 62. Rh7 Kh5 63. Ra7 h1=Q 64. Ra5+ Kg4 65. Ra4+ Kg3 66. Ra3+ Kf2 67. Ra2+ Ke3 68. Ra3+ Kd4 69. Ra4+ Kc3 70. Ra5 Qe4 71. Rc5+ Kb4 72. Rc6 Qd4+ 73. Kb7 Nf5 74. Rc8 Nd6+ 75. Kc7 Nxc8 0-1


[Site "https://www.chess.com"]

[Event "Titled Tuesday Blitz May 30 Early 2023"]
[White "Federzoni, Enzo"]
[Black "Harikrishnan.A.Ra"]
[WhiteFideId "2173301"]
[BlackFideId "5081483"]
[WhiteElo "2039"]
[BlackElo "2271"]
[Result "1-0"]
[Round "01"]
[TimeControl "180+2"]
[Date "2023.05.30"]
[WhiteClock "0:00:04"]
[BlackClock "0:00:03"]

1. Nf3 d5 2. g3 g6 3. Bg2 Bg7 4. d4 Nf6 5. O-O c6 6. c4 dxc4 7. Na3 b5 8. Ne5 Nd5 9. e4 Nb6 10. f4 O-O 11. Be3 Bb7 12. Qe2 a5 13. Rad1 N8d7 14. Nxd7 Nxd7 15. d5 cxd5 16. exd5 Ba6 17. d6 Rc8 18. Nc2 b4 19. Bd4 e6 20. Bxg7 Kxg7 21. Nd4 Qb6 22. Qf2 Nc5 23. f5 exf5 24. Nxf5+ gxf5 25. Qd4+ f6 26. Rxf5 Nd7 27. Qxb6 Nxb6 28. Rxa5 c3 29. bxc3 bxc3 30. Rxa6 Nc4 31. Rc1 Ne5 32. Ra3 c2 33. Be4 Rc4 34. Ra7+ Nf7 35. Bxc2 Kh8 36. Rd1 Ng5 37. Bb3 Re4 38. d7 Rd8 39. Rc7 Re2 40. Bd5 Nh3+ 41. Kf1 Re7 42. Bg2 Ng5 43. Rc8 Nf7 44. Rxd8+ Nxd8 45. a4 Re5 46. Re1 Kg7 47. Rxe5 fxe5 48. a5 e4 49. Bxe4 Kf6 50. a6 Ke5 51. a7 Kxe4 52. a8=Q+ 1-0


[Site "https://www.chess.com"]

[Event "Titled Tuesday Blitz May 30 Early 2023"]
[White "Danielyan, Vahe"]
[Black "Novikova, Galina"]
[WhiteFideId "13304828"]
[BlackFideId "4157095"]
[WhiteElo "2423"]
[BlackElo "1953"]
[Result "1-0"]
[Round "01"]
[TimeControl "180+2"]
[Date "2023.05.30"]
[WhiteClock "0:00:04"]
[BlackClock "0:00:00"]

1. e4 e6 2. d4 d5 3. Nc3 Bb4 4. e5 c5 5. a3 Bxc3+ 6. bxc3 Ne7 7. Bd2 b6 8. Nf3 Ba6 9. Bxa6 Nxa6 10. O-O h6 11. Qe2 Nb8 12. a4 Nd7 13. a5 O-O 14. Rfb1 Qc7 15. Qd3 Rfc8 16. Ra2 bxa5 17. Qa6 Rab8 18. Rxb8 Rxb8 19. g4 Nc6 20. Qe2 Qb6 21. Ra1 Qb2 22. Qd1 cxd4 23. cxd4 Nb4 24. c3 Nc6 25. g5 h5 26. g6 fxg6 27. Ng5 Nf8 28. Rc1 Ne7 29. Ra1 Qb5 30. Qc2 Nf5 31. c4 Qxc4 32. Qxc4 dxc4 33. Rxa5 Nxd4 34. Rxa7 c3 35. Be3 c2 36. Rc7 Ne2+ 37. Kg2 Rb2 38. Rc8 h4 39. Nxe6 h3+ 40. Kxh3 Kf7 41. Nxf8 Ng1+ 42. Kg2 Ne2 43. e6+ Ke7 44. Bc5+ Kf6 45. Nd7+ Kxe6 46. Nf8+ Kf7 47. Be3 Rb3 48. Rxc2 Rc3 49. Rxe2 1-0


[Site "https://www.chess.com"]

[Event "Titled Tuesday Blitz May 30 Early 2023"]
[White "Mazurkiewicz, Michal"]
[Black "carokannlover213"]
[WhiteFideId "1124943"]
[WhiteElo "2054"]
[BlackElo "2699"]
[Result "1-0"]
[Round "01"]
[TimeControl "180+2"]
[Date "2023.05.30"]
[WhiteClock "0:00:15"]
[BlackClock "0:00:04"]

1. e4 c5 2. Nf3 e6 3. d3 Nc6 4. g3 g6 5. Bg2 Bg7 6. O-O Nge7 7. Re1 d6 8. c3 e5 9. Be3 O-O 10. d4 exd4 11. cxd4 Bg4 12. dxc5 dxc5 13. Nc3 Nd4 14. h3 Nxf3+ 15. Bxf3 Bxf3 16. Qxf3 Rc8 17. Bg5 h6 18. Rad1 Qe8 19. Bf6 Nc6 20. Nd5 Qe6 21. Qc3 Nd4 22. Ne7+ Kh7 23. Bxg7 Kxg7 24. Nxc8 Rxc8 25. Kg2 Kg8 26. b4 b6 27. bxc5 bxc5 28. a4 Qa6 29. a5 Ne6 30. Rd7 c4 31. Red1 Qc6 32. f3 Rb8 33. h4 Qa4 34. Qf6 Qc2+ 35. Kh3 Rf8 36. R1d6 Nc5 37. Rxf7 Rxf7 38. Rd8+ Kh7 39. Qxf7# 1-0


[Site "https://www.chess.com"]

[Event "Titled Tuesday Blitz May 30 Early 2023"]
[White "Goryachkina, Aleksandra"]
[Black "Harriott, Tyrell"]
[WhiteFideId "4147103"]
[BlackFideId "2086484"]
[WhiteElo "2471"]
[BlackElo "2107"]
[Result "1-0"]
[Round "01"]
[TimeControl "180+2"]
[Date "2023.05.30"]
[WhiteClock "0:00:27"]
[BlackClock "0:00:19"]

1. e4 d6 2. d4 Nf6 3. Nc3 Nbd7 4. Nf3 e5 5. Bc4 Be7 6. O-O O-O 7. a4 c6 8. Re1 Qc7 9. Ba2 h6 10. h3 Re8 11. Nh4 Nh7 12. Nf5 Bg5 13. h4 Bxc1 14. Rxc1 Ndf6 15. dxe5 dxe5 16. Qf3 Be6 17. Bxe6 fxe6 18. Ne3 Rf8 19. Qe2 Qf7 20. Rcd1 Nh5 21. g3 Qg6 22. Qg4 Qf7 23. Rd2 Rad8 24. Red1 N5f6 25. Qe2 Rde8 26. Nc4 Qc7 27. Nd6 Re7 28. Qc4 Kh8 29. Qb3 g5 30. hxg5 Nxg5 31. Kg2 Rg7 32. Qc4 Nh5 33. Rh1 Nf4+ 34. Kf1 Kh7 35. gxf4 Rxf4 36. Qe2 Nf7 37. Ne8 Qe7 38. Nxg7 Kxg7 39. Rd3 Ng5 40. Rg3 Qf6 41. Ke1 Kf7 42. Qh5+ Ke7 43. Qxh6 Nf3+ 44. Rxf3 Rxf3 45. Qxf6+ Rxf6 46. Rh7+ Rf7 47. Rxf7+ Kxf7 48. Ke2 Ke7 49. Ke3 Kf6 50. Ne2 b6 51. Nc1 Kg5 52. Nd3 Kf6 53. b4 a6 54. c4 a5 55. bxa5 bxa5 56. c5 Kf7 57. Nxe5+ Ke7 58. Nxc6+ Kd7 59. Nxa5 Kc7 60. f4 Kd7 61. Kd4 Kc7 62. Ke5 Kd7 63. f5 exf5 64. exf5 Ke7 65. f6+ Kf7 66. c6 Ke8 67. Nc4 Kd8 68. Kd6 Ke8 69. a5 Kf7 70. a6 Kxf6 71. a7 Kf5 72. a8=Q Ke4 73. c7+ Kd4 74. Qd5+ Kc3 75. Ne5 Kb4 76. c8=Q Ka3 77. Qca8+ Kb2 78. Qab7+ Kc1 79. Qbc6+ Kb2 80. Qdb5+ 1-0


[Site "https://www.chess.com"]

[Event "Titled Tuesday Blitz May 30 Early 2023"]
[White "Garagulya, Konstantin"]
[Black "Kucuksari, Kaan"]
[WhiteFideId "4128931"]
[BlackFideId "6380166"]
[WhiteElo "2329"]
[BlackElo "2364"]
[Result "0-1"]
[Round "01"]
[TimeControl "180+2"]
[Date "2023.05.30"]
[WhiteClock "0:00:00"]
[BlackClock "0:00:09"]

1. d4 f5 2. g3 Nf6 3. Bg2 e6 4. Nh3 Be7 5. c4 O-O 6. Nc3 d6 7. O-O Qe8 8. b3 Nc6 9. Bb2 Kh8 10. d5 Nd8 11. dxe6 Nxe6 12. Nd5 Nxd5 13. cxd5 Nc5 14. Nf4 a5 15. e3 Bf6 16. Bxf6 Rxf6 17. Qc2 Bd7 18. a3 a4 19. b4 Nb3 20. Rab1 Rc8 21. Qb2 c5 22. dxc6 Bxc6 23. Nd5 Rh6 24. h4 Qe5 25. Rfd1 Re6 26. Nf4 Ree8 27. Bd5 Bxd5 28. Rxd5 Qe4 29. Nh5 Re7 30. Rbd1 Rc2 31. Qb1 h6 32. Rxd6 Rec7 33. Rf1 Nd2 34. Rxd2 Rxd2 35. Qa1 Kh7 36. b5 b6 37. Nf4 Rcd7 38. h5 Qc2 39. Qe1 Rd1 40. Qe2 Qxe2 41. Nxe2 Rxf1+ 42. Kxf1 Rd3 43. Nd4 Rxa3 44. Nxf5 Rb3 0-1


[Site "https://www.chess.com"]

[Event "Titled Tuesday Blitz May 30 Early 2023"]
[White "Shuvalova, Polina"]
[Black "Mogirzan, Matei-Valeriu"]
[WhiteFideId "24171760"]
[BlackFideId "1257455"]
[WhiteElo "2281"]
[BlackElo "1733"]
[Result "0-1"]
[Round "01"]
[TimeControl "180+2"]
[Date "2023.05.30"]
[WhiteClock "0:00:30"]
[BlackClock "0:00:05"]

1. Nf3 Nc6 2. g3 e5 3. d3 f5 4. Bg2 Nf6 5. O-O e4 6. dxe4 fxe4 7. Nd4 d5 8. c4 dxc4 9. Nxc6 Qxd1 10. Rxd1 bxc6 11. Nd2 Bf5 12. Nxc4 Bc5 13. Be3 Bxe3 14. Nxe3 Be6 15. b3 Rd8 16. Rac1 Rxd1+ 17. Nxd1 Bd5 18. Nc3 Kd7 19. e3 h5 20. h3 Rc8 21. Kf1 Ke6 22. Ke2 g5 23. Na4 Nd7 24. Nc5+ Nxc5 25. Rxc5 Kd6 26. Ra5 Ra8 27. Kd2 c5 28. Bf1 c6 29. Be2 Be6 30. h4 g4 31. Bd1 Rf8 32. Ke1 Rf7 33. Bc2 Bd5 34. Ra4 Re7 35. Ra5 Rb7 36. Kd2 Rf7 37. Ke1 Rb7 38. Ra4 Re7 39. Ke2 Ke5 40. Bd1 Kd6 41. Kd2 Rf7 42. Ke1 Rb7 43. Be2 Re7 44. Bc4 Rb7 45. Ba6 Rc7 46. Kd2 Re7 47. Bc8 Rf7 48. Ke2 Rf8 49. Bb7 Rf7 50. Ba6 Rc7 51. Bc4 Re7 52. a3 Rb7 53. Kd2 Bxc4 54. Rxc4 Rxb3 55. Rxe4 Rb2+ 56. Ke1 Ra2 57. Ra4 c4 58. Rxc4 Rxa3 59. Rf4 a5 60. Rf5 c5 61. Rxh5 c4 62. Kd2 Ra2+ 63. Kc3 Rxf2 64. Rg5 Rf3 65. Rxg4 Rxe3+ 66. Kxc4 a4 67. Kd4 Rb3 68. Rg6+ Ke7 69. Ke4 a3 70. Kf4 Rb4+ 71. Kg5 Ra4 72. Rc6 a2 73. Rc1 a1=Q 74. Rxa1 Rxa1 75. h5 Kf7 76. g4 Kg7 77. Kh4 Ra4 78. Kg5 Ra5+ 79. Kh4 Kh6 80. Kg3 Kg5 81. Kf3 Ra3+ 82. Kg2 Kxg4 0-1


[Site "https://www.chess.com"]

[Event "Titled Tuesday Blitz May 30 Early 2023"]
[White "Makhmudov, Shukhrat"]
[Black "Martinez Ramirez, Lennis"]
[WhiteFideId "14200775"]
[BlackFideId "3509079"]
[WhiteElo "2135"]
[BlackElo "2410"]
[Result "0-1"]
[Round "01"]
[TimeControl "180+2"]
[Date "2023.05.30"]
[WhiteClock "0:01:05"]
[BlackClock "0:00:22"]

1. e4 c5 2. Nf3 Nc6 3. d4 cxd4 4. Nxd4 Nf6 5. Nc3 e5 6. Ndb5 d6 7. Bg5 a6 8. Na3 b5 9. Bxf6 gxf6 10. Nd5 Bg7 11. c3 f5 12. Bd3 Ne7 13. Nxe7 Qxe7 14. exf5 e4 15. O-O O-O 16. f6 Bxf6 17. Re1 d5 18. Qh5 Qe5 19. Qxe5 Bxe5 20. Be2 b4 21. Nc2 bxc3 22. b3 d4 23. Bf3 f5 24. g3 d3 25. Ne3 c2 26. Nc4 Bxa1 27. Rxa1 exf3 28. Rc1 Rd8 29. Nd2 Bb7 30. h3 Rac8 31. Kh2 a5 32. g4 Re8 33. gxf5 Re2 34. Nc4 Rxc4 0-1


[Site "https://www.chess.com"]

[Event "Titled Tuesday Blitz May 30 Early 2023"]
[White "Oleksiyenko, Mykhaylo"]
[Black "FREDERICKtheMATE"]
[WhiteFideId "4152417"]
[WhiteElo "2551"]
[BlackElo "2379"]
[Result "1/2-1/2"]
[Round "01"]
[TimeControl "180+2"]
[Date "2023.05.30"]
[WhiteClock "0:00:04"]
[BlackClock "0:00:12"]

1. e4 c5 2. Nf3 g6 3. d4 cxd4 4. Nxd4 Nc6 5. c4 Nf6 6. Nc3 Bg7 7. Be3 O-O 8. Be2 b6 9. O-O Bb7 10. Nc2 Rc8 11. b3 d6 12. Qd2 Nd7 13. Rac1 Nc5 14. f3 a5 15. Nd5 e6 16. Nc3 Qe7 17. Rfd1 Rfd8 18. Nb5 Ne5 19. Bg5 f6 20. Be3 Kh8 21. Nca3 d5 22. cxd5 exd5 23. exd5 Rxd5 24. Qe1 Ncd3 25. Rxc8+ Bxc8 26. Bxd3 Nxd3 27. Qe2 Bh6 28. Rxd3 Rxd3 29. Qxd3 Qxe3+ 30. Qxe3 Bxe3+ 31. Kf1 Ba6 32. Ke1 Bc5 33. Nc7 Bxa3 34. Nxa6 Bd6 35. h3 Kg7 36. Ke2 Kf7 37. Kd3 Ke6 38. Kc4 Kd7 39. Kb5 Bc7 40. g4 g5 41. a3 Kd6 42. b4 axb4 43. Nxb4 Bd8 44. Kc4 Be7 45. Nd5 Bd8 46. Kd4 b5 47. Nc3 Kc6 48. Nd5 Kd6 49. Nb4 Bb6+ 50. Ke4 Ke6 51. Nd3 Bc7 52. Nb4 Bd6 53. Nc2 Bc5 54. Nd4+ Bxd4 55. Kxd4 Kd6 56. Kc3 Kc5 57. Kd3 Kd5 58. Kc3 Kc5 59. Kd3 h6 60. Kc3 Kd5 61. Kb4 Kc6 62. Kc3 Kc5 63. Kb3 Kc6 64. Kb4 Kb6 65. Kb3 Kc5 66. Kc3 Kc6 67. Kd4 Kd6 68. Kc3 Kc5 69. Kb3 Kc6 70. Kb4 Kb6 71. Kc3 Kc5 1/2-1/2


[Site "https://www.chess.com"]